 Dungeon Crawl Stone Soup version 0.31.0-12-g77e489cdc1 (webtiles) character file.

Game seed: 9730622906018935640

284 jagang the Slasher (level 6, -11/48 HPs)
             Began as a Human Monk on Mar 5, 2024.
             Mangled by an ogre
             ... wielding a +0 giant club
              (17 damage)
             ... on level 5 of the Dungeon.
             The game lasted 00:08:45 (3202 turns).

jagang the Slasher (Human Monk)                     Turns: 3202, Time: 00:08:46

Health: -11/48     AC:  9    Str: 11    XL:     6   Next: 29%
Magic:  6/6        EV:  1    Int: 11    God:
Gold:   168        SH: 13    Dex: 17    Spells: 5/5 levels left

rFire   . . .        A - +1 falchion (holy)
rCold   . . .        k - +0 tower shield
rNeg    . . .        l - +0 chain mail
rPois   .            r - +0 helmet
rElec   .            q - scarf {shadows}
rCorr   .            (no gloves)
SInv    .            (no boots)
Will    .....        u - amulet of regeneration Stlth
                     (no ring)
HPRegen 1.08/turn    (no ring)
MPRegen 0.10/turn

%: no passive effects
@: no status effects
A: explore regen
a: no special abilities


You were on level 5 of the Dungeon.
You visited 1 branch of the dungeon, and saw 5 of its levels.

You collected 168 gold pieces.

Inventory:

Hand Weapons
 a - a +0 falchion
 A - a +1 falchion of holy wrath (weapon)
Missiles
 e - 4 javelins (quivered)
 j - 3 poisoned darts
 w - a throwing net
 x - 2 boomerangs
Armour
 d - an orb of light
 k - a +0 tower shield (worn)
 l - a +0 chain mail (worn)
 q - a scarf of shadows (worn)
 r - a +0 helmet (worn)
Jewellery
 p - a ring of fire
 s - a ring of flight
 u - an amulet of regeneration (around neck)
Wands
 z - a wand of roots (4)
Scrolls
 b - a scroll of poison
 f - a scroll of identify
 h - 2 scrolls of silence
 n - a scroll of noise
 y - a scroll of enchant weapon {unknown}
Potions
 c - a potion of ambrosia
 g - 2 potions of might
 i - 2 potions of haste
 m - a potion of heal wounds {unknown}
 o - a potion of mutation {unknown}
 t - a potion of lignification {unknown}
 v - 2 potions of curing {unknown}


   Skills:
 + Level 4.0 Fighting
 + Level 4.5 Long Blades
 + Level 2.3 Armour
 - Level 3.0 Dodging
 * Level 3.0 Shields


You had 5 spell levels left.
You didn't know any spells.
Your spell library contained the following spells:

 Spells                   Type           Power      Damage    Failure   Level
 Summon Small Mammal      Summ           0%         N/A       100%        1
 Call Canine Familiar     Summ           0%         N/A       100%        3
 Summon Blazeheart Golem  Fire/Summ      0%         N/A       100%        4


Dungeon Overview and Level Annotations

Branches:
Dungeon (5/15)
 Temple: D:4-7

Altars:
Ashenzari
Fedhas
Okawaru
Ru

Annotations:
D:3 1 runed translucent door
D:5 Edmund


Innate Abilities, Weirdness & Mutations

You regain HP and MP as you explore.


Message History

You block the adder's attack. The adder bites you but does no damage.
You slash the adder!
The adder is almost dead.
You block the adder's attack. x2
You miss the adder.
The adder is almost dead.
You block the adder's attack. x2
You hit the adder.
You kill the adder!
Your Shields skill increases to level 3!
A - a +1 falchion of holy wrath
Okay, then.
Your movement speed is average.
Your attack delay is about 1.5 (and is slowed by your shield).
Your damage rating with your +0 falchion is about 10 (Base 8 x 117% (Dex) x 116% (Skill)).
Your +1 falchion of holy wrath softly glows with a divine radiance!
A - a +1 falchion of holy wrath (weapon)
Your movement speed is average.
Your attack delay is about 1.5 (and is slowed by your shield).
Your damage rating with your +1 falchion of holy wrath is about 11 (Base 8 x 117% (Dex) x 116% (Skill) + 1 (Ench)).
HP restored.
A scorpion and an ogre come into view.
Found 9 gold pieces.
The ogre shouts!
You hear a shout!
A scorpion comes into view.
You hit the ogre.
The ogre is lightly wounded.
The ogre hits you with a +0 giant club!!
Edmund the Younger comes into view.
He is wielding a +1 flail of distortion and carrying a wand of flame.
The ogre attacks as it pursues you! The ogre hits you with a +0 giant club!
* * * LOW HITPOINT WARNING * * *
You slash the ogre!
The ogre is moderately wounded.
The ogre hits you with a +0 giant club!
* * * LOW HITPOINT WARNING * * *
You hit the ogre.
The ogre is heavily wounded.
Edmund says, "I'm quite good with sums, too."
The ogre hits you with a +0 giant club!
You die...

#..........
#.?.(....$
#.....$..
........ #
.....@.######.#.
................
....s...s.......
.......#O##.....
.......#@# ....
########.# ##.
####.####
#.......#
#.......#
#.......#
#.......#
#.......###
####.........#


You could see Edmund, an ogre and a scorpion.

Vanquished Creatures
  A hound (D:4)
  An iguana (D:4)
  An orc wizard (D:4)
  Robin (D:2)
  8 adders
  4 dart slugs
  A ribbon worm (D:2)
  5 orcs (D:4)
  10 ball pythons
  8 endoplasms
  A giant cockroach (D:2)
  21 goblins
  8 hobgoblins
  9 kobolds
  2 quokkas
  12 bats
  7 frilled lizards
  5 rats
105 creatures vanquished.

Notes
Turn   | Place    | Note
-------+----------+-------------------------------------------
     0 | D:1      | jagang the Human Monk began the quest for the Orb.
     0 | D:1      | Reached XP level 1. HP: 18/18 MP: 1/1
   313 | D:1      | Reached XP level 2. HP: 24/24 MP: 2/2
   451 | D:1      | Reached skill level 1 in Armour
   605 | D:1      | Reached XP level 3. HP: 28/29 MP: 3/3
   887 | D:2      | Reached skill level 1 in Shields
   941 | D:2      | Reached XP level 4. HP: 24/35 MP: 4/4
   989 | D:2      | Noticed Robin
  1005 | D:2      | Killed Robin
  1819 | D:3      | Found a sacrificial altar of Ru.
  1819 | D:3      | Found a broken altar of Ashenzari.
  1926 | D:3      | Reached XP level 5. HP: 37/41 MP: 5/5
  1947 | D:3      | Found an iron altar of Okawaru.
  1947 | D:3      | Found a runed translucent door.
  1951 | D:3      | Noticed a centaur
  1953 | D:3      | Found the +0 toga "Victory" {*Victory Clar}
  2359 | D:3      | Found a faded altar of an unknown god.
  2744 | D:4      | Reached XP level 6. HP: 48/48 MP: 6/6
  2921 | D:4      | Found a blossoming altar of Fedhas.
  3157 | D:5      | Entered Level 5 of the Dungeon
  3197 | D:5      | Noticed Edmund
  3202 | D:5      | Mangled by an ogre

Illustrated notes

Levels and vault maps discovered:
D:1:      minmay_arrival_three_doors, layout_rooms
D:2:      layout_loops_cross, chequers_avenue, uniq_robin
D:3:      layout_basic, nicolae_overflow_guarded_unrand_okawaru_victory,
          mainiacjoe_overflow_large_starburst,
          shapermc_ecumenical_altar_mp_urbaneastern
D:4:      layout_gridville, fedhas_altar_4
D:5:      layout_basic, nicolae_tso_besieged_by_evil, lemuel_crystal_altar,
          mainiacjoe_overflow_catwalk, serial_shops, nicolae_shop_trees,
          uniq_edmund

Skill      XL: |  1  2  3  4  5  6 |
---------------+-------------------+-----
Armour         | 1 2 |  2.3
Shields        | 1 2 3 |  3.0
Long Blades    | 4 |  4.5
Fighting       | 4 |  4.0
Dodging        | |  3.0

Action                     |  1- 3 |  4- 6 || total
---------------------------+-------+-------++-------
  Melee: Falchion          |    86 |   243 ||   329
  Throw: Javelin           |     1 |       ||     1
    Use: Scroll            |       |     5 ||     5
 Armour: Leather armour    |     4 |       ||     4
         Robe              |     1 |       ||     1
         Ring mail         |    25 |       ||    25
         Chain mail        |    28 |   256 ||   284
  Dodge: Dodged            |    40 |    55 ||    95
  Block: Tower shield      |       |   105 ||   105
